 Dungeon Crawl Stone Soup version 0.30-a0-779-g7971cf19c3 (webtiles) character file.

Game seed: 10588353572356356766

172 cforsyth the Firebug (level 5, 0/28 HPs)
             Began as a Tengu Fire Elementalist on Feb 17, 2023.
             Slain by a black bear (2 damage)
             ... on level 4 of the Dungeon.
             The game lasted 00:04:15 (3718 turns).

cforsyth the Firebug (Tengu Fire Elementalist)      Turns: 3718, Time: 00:04:16

Health: 0/28       AC:  2    Str: 10    XL:     5   Next: 52%
Magic:  1/11       EV: 14    Int: 16    God:
Gold:   260        SH:  0    Dex: 14    Spells: 9/10 levels left

rFire   + . .      SeeInvis .    n - +4 flail
rCold   + . .      Faith    .    (no shield)
rNeg    . . .      Spirit   .    a - +0 robe
rPois   .          Reflect  .    (helmet restricted)
rElec   .          Harm     .    i - scarf {rC+ rF+}
rCorr   .          Rampage  .    (no gloves)
Will    .....                    (boots unavailable)
Stlth   ++                       (no amulet)
HPRegen 0.24/turn                (no ring)
MPRegen 0.12/turn                (no ring)

@: flying quickly and evasively, quick
A: beak, talons 3, nimble flight
a: no special abilities


You were on level 4 of the Dungeon.
You visited 1 branch of the dungeon, and saw 4 of its levels.

You collected 260 gold pieces.

Inventory:

Hand Weapons
 n - a +4 flail (weapon)
Missiles
 p - a throwing net
Armour
 a - a +0 robe (worn)
 i - a scarf of resistance (worn)
 q - a +2 scale mail of fire resistance
Scrolls
 e - 5 scrolls of identify {unknown}
 h - 2 scrolls of torment {unknown}
 j - a scroll of summoning {unknown}
 k - a scroll of teleportation {unknown}
 o - a scroll of blinking {unknown}
 r - a scroll of magic mapping {unknown}
 s - a scroll of brand weapon {unknown}
Potions
 b - a potion of magic
 c - a potion of flight {unknown}
 d - a potion of invisibility {unknown}
 f - 4 potions of heal wounds {unknown}
 g - a potion of berserk rage {unknown}
 l - a potion of mutation {unknown}
 m - a potion of brilliance {unknown}


   Skills:
 - Level 2.1 Dodging
 - Level 2.0 Stealth
 + Level 3.3 Spellcasting
 + Level 4.0 Conjurations
 + Level 4.6 Fire Magic


You had 9 spell levels left.
You knew the following spells:

 Your Spells              Type           Power      Damage    Failure   Level
a - Foxfire               Conj/Fire      64%        2x1d7     3%          1

Your spell library contained the following spells:

 Spells                   Type           Power      Damage    Failure   Level
 Scorch                   Fire           34%        2d6       4%          2
 Inner Flame              Hex/Fire       10%        N/A       21%         3
 Kindle Blastsparks       Fire/Tloc/Air  14%        2d11      28%         3
 Flame Wave               Conj/Fire      16%        2d7       30%         4
 Fireball                 Conj/Fire      8%         3d6       63%         5
 Iskenderun's Battlesphe  Conj           15%        2d7       67%         5
 Conjure Ball Lightning   Conj/Air       4%         3x3d6     100%        6
 Orb of Destruction       Conj           7%         9d6       100%        7


Dungeon Overview and Level Annotations

Branches:
Dungeon (4/15)
 Temple: D:4-7

Altars:
Cheibriados
Trog

Annotations:
D:3 3 runed translucent doors, sirJeffrey23's ghost, amateur GrFi


Innate Abilities, Weirdness & Mutations

You have a beak for a mouth.
You have claws for feet.
Your magical nature lets you fly swiftly and evasively.


Message History

Your foxfire dissipates!
A black bear is nearby!
You conjure some foxfire!
You conjure some foxfire!
The foxfire hits the black bear.
The black bear is moderately wounded.
You conjure some foxfire!
The foxfire hits the black bear but does no damage.
The black bear is moderately wounded.
The foxfire hits the black bear.
The black bear is moderately wounded.
The foxfire hits the black bear.
The black bear is moderately wounded.
You conjure some foxfire!
The foxfire hits the black bear.
The black bear is heavily wounded.
The foxfire hits the black bear.
The black bear is heavily wounded.
You are out of magic!
You are out of magic!
You are out of magic!
You are out of magic!
You are out of magic!
The foxfire hits the black bear.
The black bear is severely wounded.
The foxfire hits the black bear.
The black bear is severely wounded.
The black bear goes berserk!
The black bear rages.
You conjure some foxfire!
The black bear bites you! The black bear claws you.
The black bear closely misses you. The black bear misses you. x2
The black bear claws you.
You barely miss the black bear. Your kick misses the black bear.
Your peck misses the black bear.
The black bear is severely wounded.
The foxfire hits the black bear.
The black bear is almost dead.
The black bear closely misses you. The black bear barely misses you. x2
The black bear bites you!
* * * LOW HITPOINT WARNING * * *
The black bear claws you.
You die...

#.##.............######
...'..................#######
#.##.............#..........#
#.##.............#..........#
#.##.............#..........#
...†.............#..........#
.................#..........#
..........###########.#######
...............#@.....#
..........####)#h######
#+####'#.....#.#.# .#
#.#.###.#.#.# #.#
#.#...#.#.#.# ..##
#.###.#.#.#.# ...#
#.......#.#.#
<..#######.###.#.#####
........[#.# #.#.....#


You could see a black bear (berserk).

Vanquished Creatures
  A jelly (D:4)
  An iron imp (D:3)
  4 gnolls (D:3)
  3 dart slugs
  2 orcs
  5 bats
  4 endoplasms
  A giant cockroach (D:3)
  7 goblins
  8 hobgoblins
  7 jackals (D:1)
  A quokka (D:1)
  4 ball pythons
  4 frilled lizards
  4 kobolds
  5 rats
  A spectral hobgoblin (D:3)
62 creatures vanquished.

Vanquished Creatures (others)
  286 foxfires
  3 fungi (D:3)
  A plant (D:3)
290 creatures vanquished.

Grand Total: 352 creatures vanquished

Notes
Turn   | Place    | Note
-------+----------+-------------------------------------------
     0 | D:1      | cforsyth the Tengu Fire Elementalist began the quest for
                  | the Orb.
     0 | D:1      | Reached XP level 1. HP: 10/10 MP: 4/4
   166 | D:1      | Reached XP level 2. HP: 15/15 MP: 3/6
   431 | D:1      | Reached XP level 3. HP: 19/19 MP: 3/7
  1643 | D:2      | Found a bloodstained altar of Trog.
  1955 | D:3      | Reached XP level 4. HP: 24/24 MP: 1/9
  2194 | D:3      | Found a runed translucent gate.
  2197 | D:3      | Found a runed translucent gate.
  2267 | D:3      | Found a snail-covered altar of Cheibriados.
  2285 | D:3      | Gained mutation: Your magical nature lets you fly swiftly
                  | and evasively. [Tengu growth]
  2285 | D:3      | Reached XP level 5. HP: 10/28 MP: 3/10
  2951 | D:3      | Found a faded altar of an unknown god.
  2999 | D:3      | Found a runed translucent gate.
  3001 | D:3      | Noticed sirJeffrey23's ghost (amateur GrFi)
  3002 | D:3      | Noticed a kobold brigand
  3700 | D:4      | Noticed a black bear
  3718 | D:4      | Slain by a black bear

Illustrated notes

Levels and vault maps discovered:
D:1:      dpeg_arrival_court, layout_rooms, minmay_pentomino_r4
D:2:      layout_loops_cross, basic_altar
D:3:      layout_basic, slow_altar_2, dreamdust_ecumenical_altar_drowned_temple,
          gammafunk_ghost_nasty_kobolds
D:4:      minmay_angry_zag, layout_basic

Skill      XL: |  1  2  3  4  5 |
---------------+----------------+-----
Conjurations   | 2 3 4 |  4.0
Fire Magic     | 4 |  4.6
Spellcasting   | 3 |  3.3
Dodging        | |  2.1
Stealth        | |  2.0

Action                     |  1- 3 |  4- 6 || total
---------------------------+-------+-------++-------
  Melee: Unarmed           |     4 |       ||     4
         Kick              |     2 |     3 ||     5
         Peck              |     1 |       ||     1
         Flail             |       |     8 ||     8
         Punch             |       |     1 ||     1
   Cast: Foxfire           |    88 |    71 ||   159
 Armour: Robe              |     4 |     1 ||     5
  Dodge: Dodged            |    18 |    13 ||    31

Table legend: (Time is in decaauts)
 A = Elapsed time spent in this place.
 B = Non-inter-level travel time spent in this place.
 C = Inter-level travel time spent in this place.
 D = Time resting spent in this place.
 E = Time spent auto-exploring this place.
 F = Levels seen in this place.
 G = Mean time per level.
                   A        B        C        D        E       F      G
               +--------+--------+--------+--------+--------+-----+--------+
         Total |   3620 |   3523 |     97 |     79 |   3052 |   4 |  905.0 |
       Dungeon |   3620 |   3523 |     97 |     79 |   3052 |   4 |  905.0 |
               +--------+--------+--------+--------+--------+-----+--------+

Top non-repeatable levels by time:
     D:3: 1376 daAuts
     D:2: 1094 daAuts
     D:1: 848 daAuts
     D:4: 301 daAuts
